 Dungeon Crawl Stone Soup version 0.31-a0-1009-g454b1f1e0a (webtiles) character file.

Game seed: 4350882131417154748

645 Queen the Grave Robber (level 7, 0/46 HPs)
             Began as a Mummy Necromancer on Nov 16, 2023.
             Slain by a gnoll sergeant
             ... wielding a +0 trident
              (14 damage)
             ... on level 5 of the Dungeon.
             The game lasted 00:20:02 (4600 turns).

Queen the Grave Robber (Mummy Necromancer)          Turns: 4600, Time: 00:20:03

Health: 0/46       AC:  4    Str: 11    XL:     7   Next: 27%
Magic:  3/15       EV: 18    Int: 17    God:
Gold:   346        SH:  0    Dex: 18    Spells: 5/17 levels left

rFire   . . .        m - +4 short sword
rCold   + + .        (no shield)
rNeg    + + +        a - +0 robe
rPois   ∞            p - +1 helmet
rElec   .            f - scarf {rC+ rF+}
rCorr   .            (no gloves)
SInv    .            (no boots)
Will    .....        (no amulet)
Stlth   +++          d - +5 ring of evasion
HPRegen 0.27/turn    j - +6 ring of dexterity
MPRegen 0.14/turn

%: faith
@: no status effects
A: cold resistance 1, negative energy resistance 3, torment resistance 2, heat
vulnerability 1, in touch with death 1, no potions, faith
a: no special abilities


You were on level 5 of the Dungeon.
You visited 1 branch of the dungeon, and saw 5 of its levels.
You also visited: Sewer.

You collected 346 gold pieces.

Inventory:

Hand Weapons
 m - a +4 short sword (weapon)
Missiles
 n - a throwing net
Armour
 a - a +0 robe (worn)
 f - a scarf of resistance (worn)
 p - a +1 helmet (worn)
Jewellery
 d - a +5 ring of evasion (left hand)
 j - a +6 ring of dexterity (right hand)
Wands
 i - a wand of flame (6)
 k - a wand of quicksilver (8)
Scrolls
 b - a scroll of identify {@r1}
 c - a scroll of immolation
 e - a scroll of vulnerability
 g - 3 scrolls of teleportation
 h - a scroll of blinking
 l - 3 scrolls of fog
 o - 3 scrolls of poison {unknown}
 q - a scroll of revelation {unknown}


   Skills:
 + Level 2.8 Dodging
 + Level 3.1 Stealth
 * Level 5.8 Spellcasting
 * Level 5.8 Necromancy
 + Level 2.0 Poison Magic


You had 5 spell levels left.
You knew the following spells:

 Your Spells              Type           Power      Damage    Failure   Level
a - Animate Dead          Necr           37%        N/A       12%         4
b - Blink                 Tloc           8%         N/A       21%         2
d - Vampiric Draining     Necr           37%        2d8       3%          3
n - Necrotise             Necr           100%       1d9       1%          1
v - Poisonous Vapours     Pois/Air       16%        N/A       13%         2

Your spell library contained the following spells:

 Spells                   Type           Power      Damage    Failure   Level
 Sting                    Tmut/Pois      32%        1d4       9%          1
 Sandblast                Erth           8%         2d5       13%         1
 Lesser Beckoning         Tloc           8%         N/A       21%         2
 Momentum Strike          Conj/Tloc      8%         3d8       21%         2
 Passwall                 Tmut/Erth      3%         N/A       21%         2
 Agony                    Necr           37%        N/A       32%         5
 Gell's Gravitas          Tloc           4%         N/A       36%         3
 Stone Arrow              Conj/Erth      8%         3d7       36%         3
 Teleport Other           Tloc           4%         N/A       36%         3
 Olgreb's Toxic Radiance  Pois           11%        N/A       50%         4
 Brom's Barrelling Bould  Conj/Erth      4%         2d3       78%         4
 Manifold Assault         Tloc           4%         N/A       78%         4
 Irradiate                Conj/Tmut      2%         3d12      98%         5
 Dispersal                Tloc           2%         N/A       100%        6
 Wereblood                Tmut           Unusable   N/A       N/A         2

Dungeon Overview and Level Annotations

Branches:
Dungeon (5/15)              Sewer (visited)
 Temple: D:4-7

Altars:
Cheibriados
Makhleb


Innate Abilities, Weirdness & Mutations

You are immune to poison.
Your flesh is cold resistant. (rC+)
You are immune to negative energy. (rN+++)
You are immune to unholy pain and torment.
You are vulnerable to heat. (rF-)
You are in touch with the powers of death.
You do not drink.
You have a special connection with the divine. (Faith)


Message History

Confirm with . or Enter, or press ? or * to list all spells.
Aiming: Poisonous Vapours (safe; 13% risk of failure)
Press: ? - help, Dir - move target, f/p - gnoll sergeant
Aim: a gnoll sergeant, wielding a +0 trident, wearing a +0 scale mail and wearing a +0 kite shield (poisoned, ally target) Poisonous vapours surround the gnoll sergeant!
The gnoll sergeant looks even sicker.
The gnoll sergeant misses you.
You now have 6/15 mp.
Casting: Poisonous Vapours (safe; 13% risk of failure)
Confirm with . or Enter, or press ? or * to list all spells.
Aiming: Poisonous Vapours (safe; 13% risk of failure)
Press: ? - help, Dir - move target, f/p - gnoll sergeant
Aim: a gnoll sergeant, wielding a +0 trident, wearing a +0 scale mail and wearing a +0 kite shield (very poisoned, ally target) Poisonous vapours surround the gnoll sergeant!
The gnoll sergeant looks even sicker.
The gnoll sergeant hits you from afar with a +0 trident!
You take 8 damage, and have 25/46 hp.
You now have 5/15 mp.
The gnoll sergeant blocks your gnoll skeleton's attack.
The gnoll sergeant hits you with a +0 trident!
You take 8 damage, and have 18/46 hp.
Casting: Poisonous Vapours (safe; 13% risk of failure)
Confirm with . or Enter, or press ? or * to list all spells.
Aiming: Vampiric Draining (dangerous; 3% risk of failure)
Press: ? - help, Shift-Dir - straight line, f/p - gnoll sergeant
Aim: a gnoll sergeant, wielding a +0 trident, wearing a +0 scale mail and wearing a +0 kite shield (moderately wounded, very poisoned, ally target)
You feel a surge of power!
You draw life force from the gnoll sergeant.
You feel life coursing into your body.
Your gnoll skeleton closely misses the gnoll.
The gnoll sergeant hits you with a +0 trident!
* * * LOW HITPOINT WARNING * * *
You take 5 damage, and have 13/46 hp.
You now have 2/15 mp.
Casting: Vampiric Draining (dangerous; 3% risk of failure)
Confirm with . or Enter, or press ? or * to list all spells.
You don't have enough magic to cast this spell.
Unknown command.
The gnoll sergeant blocks your attack.
The gnoll sergeant is heavily wounded.
Your gnoll skeleton hits the gnoll.
The gnoll sergeant hits you with a +0 trident!
You die...

#########
#..<....#
#.......#
#..)....###
#.........#
#.......#.# # #
#.......#@# .#.#
#.......#g# .....
#########g##...#
#..Z)Z# #......#
##.......!
.......##...
#.##.#..# #. .
...# ...
..##...##.##.....


You could see a gnoll sergeant (very poisoned, ally target), a gnoll and a
friendly gnoll skeleton.

Vanquished Creatures
  2 phantoms
  2 jellies
  Terence (D:3)
  Natasha (thrice) (D:3)
  A mummy (D:3)
  7 gnolls
  7 adders
  8 river rats
  4 dart slugs
  6 orcs
  3 endoplasms
  3 giant cockroaches
  11 goblins
  8 hobgoblins
  2 jackals (D:2)
  2 quokkas
  9 ball pythons
  5 bats
  5 frilled lizards
  7 kobolds
  10 rats
106 creatures vanquished.

Vanquished Creatures (collateral kills)
  2 gnolls (D:4)
  An endoplasm (D:2)
  A hobgoblin (D:1)
  3 ball pythons
  6 frilled lizards
  A kobold (D:3)
  A rat (Sewer)
15 creatures vanquished.

Vanquished Creatures (others)
  A ball python zombie (D:4)
  A goblin zombie (D:4)
  An orc zombie (D:4)
3 creatures vanquished.

Grand Total: 124 creatures vanquished

Notes
Turn   | Place    | Note
-------+----------+-------------------------------------------
     0 | D:1      | Queen the Mummy Necromancer began the quest for the Orb.
     0 | D:1      | Reached XP level 1. HP: 13/13 MP: 4/4
   319 | D:1      | Reached XP level 2. HP: 19/19 MP: 1/6
  1208 | D:2      | Reached XP level 3. HP: 24/24 MP: 3/7
  1844 | D:3      | Reached XP level 4. HP: 30/30 MP: 7/9
  1851 | D:3      | Learned a level 3 spell: Vampiric Draining
  1852 | D:3      | Found a burning altar of Makhleb.
  1903 | D:3      | Found a faded altar of an unknown god.
  1935 | D:3      | Noticed Terence
  1942 | D:3      | Killed Terence
  1978 | D:3      | Found a snail-covered altar of Cheibriados.
  2004 | D:3      | Noticed Natasha
  2007 | D:3      | Killed Natasha
  2028 | D:3      | Noticed Natasha
  2036 | D:3      | Killed Natasha
  2037 | D:3      | Reached skill level 1 in Poison Magic
  2037 | D:3      | Reached XP level 5. HP: 6/35 MP: 4/11
  2200 | D:3      | Found a glowing drain.
  2204 | Sewer    | Entered a sewer
  2213 | Sewer    | Learned a level 2 spell: Blink
  2216 | Sewer    | Learned a level 2 spell: Poisonous Vapours
  2252 | Sewer    | Reached skill level 5 in Necromancy
  2473 | Sewer    | Reached XP level 6. HP: 41/41 MP: 13/13
  2646 | D:3      | Learned a level 4 spell: Animate Dead
  2917 | D:3      | Noticed Natasha
  2924 | D:3      | Killed Natasha
  2992 | D:3      | You fall into a shaft and drop 2 floors!
  2992 | D:5      | Entered Level 5 of the Dungeon
  3024 | D:5      | Reached skill level 5 in Spellcasting
  3045 | D:5      | Noticed a sky beast
  3594 | D:4      | Reached XP level 7. HP: 30/46 MP: 9/15
  4600 | D:5      | Slain by a gnoll sergeant

Illustrated notes

Levels and vault maps discovered:
D:1:      dpeg_arrival_triangle_fractal, layout_loops_corners, st_stairs_14,
          minmay_small_reverse_x
D:2:      layout_basic
D:3:      layout_basic, bloody_makhleb, slow_altar_1,
          ebering_ecumenical_altar_hall, gup_sewer_entry_spiral, uniq_natasha,
          uniq_terence
D:4:      layout_cave_pods
D:5:      layout_loops_cross, mainiacjoe_overflow_small_starburst,
          minmay_temple_entry_arrows, kennysheep_decorative_pillar

Skill      XL: |  1  2  3  4  5  6  7 |
---------------+----------------------+-----
Spellcasting   | 3 4 5 |  5.8
Stealth        | 2 3 |  3.1
Dodging        | 2 |  2.8
Poison Magic   | 1 2 |  2.0
Necromancy     | 5 |  5.8

Action                     |  1- 3 |  4- 6 |  7- 9 || total
---------------------------+-------+-------+-------++-------
  Melee: Short sword       |    13 |    32 |    23 ||    68
         Punch             |       |       |     1 ||     1
   Cast: Necrotise         |    67 |   100 |    30 ||   197
         Blink             |       |     2 |       ||     2
         Poisonous Vapours |       |     1 |     3 ||     4
         Animate Dead      |       |     1 |       ||     1
         Vampiric Draining |       |       |     3 ||     3
  Evoke: Wand              |       |    11 |       ||    11
    Use: Scroll            |       |     8 |       ||     8
   Stab: Sleeping          |       |     2 |       ||     2
 Armour: Robe              |     8 |    29 |    24 ||    61
  Dodge: Dodged            |    18 |    70 |    22 ||   110

Table legend: (Time is in decaauts)
 A = Elapsed time spent in this place.
 B = Non-inter-level travel time spent in this place.
 C = Inter-level travel time spent in this place.
 D = Time resting spent in this place.
 E = Time spent auto-exploring this place.
 F = Levels seen in this place.
 G = Mean time per level.
                   A        B        C        D        E       F      G
               +--------+--------+--------+--------+--------+-----+--------+
         Total |   4687 |   4465 |    222 |    779 |   2463 |   6 |  781.2 |
       Dungeon |   4202 |   3980 |    222 |    684 |   2265 |   5 |  840.4 |
         Sewer |    485 |    485 |      0 |     95 |    197 |   1 |  485.0 |
               +--------+--------+--------+--------+--------+-----+--------+

Top non-repeatable levels by time:
     D:1: 1160 daAuts
     D:4: 1112 daAuts
     D:3: 981 daAuts
     D:2: 687 daAuts
   Sewer: 485 daAuts
     D:5: 261 daAuts
